AoeStats
← Carple

MegaRandom

505285800Analyzed
1v1 RM · 24d ago on Sep 8, 2026· 29m 46s· 2 players
Game mode
Random Map
Map size
Tiny (2 player)
Population
200
Speed
Normal
Resources
Standard
Victory
Conquest
Starting age
Dark Age
Ending age
Imperial Age
RankedLock teamsTeams togetherTeam positionsShared explorationLock speedFull tech treeHidden civsTurbo modeCheats
Victory
Defeat
🇪🇸 Magyars · Spain
1291
+16
🇨🇦 Spanish · Canada
1285
-16
Carple
3:45 Loom
10:29 Feudal Age
11:16 Double-Bit Axe
19:24 Castle Age
18:24 Horse Collar
20:26 Husbandry
27:31 Bloodlines
28:15 Padded Archer Armor
29:48 Leather Archer Armor
lucantemp
0:40 Loom
9:56 Feudal Age
10:57 Double-Bit Axe
12:09 Horse Collar
17:15 Wheelbarrow
22:09 Castle Age
20:17 Gold Mining
21:40 Bloodlines
21:22 Fletching
21:34 Padded Archer Armor
22:00 Town Watch
23:03 Husbandry
23:17 Bow Saw
23:28 Bodkin Arrow
26:56 Ballistics
Connection lost

Rejoining the realm…

Still unreachable

The connection could not be restored.

Session expired

The server has moved on; the page needs a fresh start.